Map: Moondance

Players

Nina - Winner!

  • Race: Protoss Protoss
  • Spawn Location: 12:00

binski

  • Race: Terran Terran
  • Spawn Location: 6:00

Event: DreamHack SC2 Masters 2022 Atlanta (Offline)

VOD

Have the link to the VOD?

Description

Time

  • Played on: Nov. 18, 2022, 2:43 p.m.
  • Length: 14:09

All games in this series

Show
View Real Time Build Order
Export as new Build Order

Nina Protoss - Winner!

Build Orders: 1 Gate Expand, Blink Stalkers 

Get SALT Encoding   

  12  0:00  Probe  
  13  0:12  Probe  
  14  0:17  Pylon  
  14  0:24  Probe (Chrono Boost)  
  15  0:36  Gateway, Probe (Chrono Boost)  
  16  0:45  Probe (Chrono Boost)  
  16  0:46  Assimilator  
  17  0:51  Probe  
  18  1:03  Probe  
  19  1:15  Probe  
  20  1:24  Cybernetics Core  
  20  1:33  Nexus  
  20  1:40  Pylon  
  20  1:44  Probe  
  21  1:49  Assimilator  
  21  1:56  Probe  
  21  1:58  Stalker (Chrono Boost)  
  24  2:04  Warp Gate  
  24  2:08  Probe  
  25  2:20  Probe  
  24  2:24  Stalker  
  26  2:32  Probe  
  27  2:42  Pylon  
  27  2:44  Probe  
  27  2:46  Probe  
  29  2:55  Shield Battery  
  29  2:56  Probe  
  29  2:59  Probe  
  30  3:08  Probe  
  30  3:11  Probe, Stalker (Chrono Boost)  
  34  3:23  Twilight Council  
  34  3:32  Probe  
  34  3:33  Probe  
  36  3:44  Probe (Chrono Boost)  
  36  3:45  Probe (Chrono Boost)  
  40  3:55  Gateway  
  40  3:56  Probe (Chrono Boost)  
  40  3:57  Blink (Chrono Boost)  
  40  3:59  Gateway, Probe (Chrono Boost)  
  40  4:04  Probe (Chrono Boost)  
  41  4:10  Probe  
  41  4:13  Stalker  
  41  4:16  Probe  
  45  4:23  Probe  
  46  4:28  Pylon  
  41  4:36  Probe  
  41  4:39  Probe, Stalker  
  44  4:48  Probe (Chrono Boost)  
  43  4:53  Probe (Chrono Boost)  
  43  4:56  Stalker  
  43  4:57  Stalker  
  48  5:00  Probe (Chrono Boost)  
  48  5:03  Robotics Facility  
  48  5:07  Stalker  
  48  5:08  Probe (Chrono Boost)  
  48  5:11  Probe (Chrono Boost)  
  48  5:12  Assimilator  
  52  5:16  Probe  
  52  5:20  Pylon  
  53  5:21  Stalker  
  53  5:25  Stalker  
  57  5:34  Stalker  
  52  5:43  Probe (Chrono Boost)  
  52  5:46  Stalker  
  52  5:47  Probe (Chrono Boost)  
  56  5:53  Stalker  
  56  5:55  Probe (Chrono Boost)  
  59  5:57  Stalker  
  59  5:59  Probe (Chrono Boost)  
  63  6:04  Probe (Chrono Boost)  
  63  6:06  Pylon  
  63  6:07  Observer  
  63  6:09  Probe  
  63  6:10  Robotics Bay  
  64  6:15  Probe  
  64  6:32  Probe  
  61  6:33  Charge  
  61  6:36  Probe  
  61  6:38  Assimilator  
  62  6:40  Sentry  
  62  6:42  Zealot  
  62  6:44  Nexus  
  62  6:47  Zealot  
  68  6:48  Pylon  
  68  6:50  Probe  
  68  6:53  Disruptor (Chrono Boost)  
  69  6:58  Probe  
  73  7:03  Probe  
  73  7:04  Gateway  
  73  7:05  Sentry  
  76  7:08  Zealot  
  76  7:10  Probe  
  79  7:17  Probe  
  79  7:19  Disruptor (Chrono Boost)  
  83  7:24  Gateway, Pylon  
  83  7:28  Pylon  
  83  7:33  Pylon  
  83  7:39  Probe  
  83  7:40  Pylon  
  84  7:45  Gateway  
  84  7:48  Gateway  
  84  7:50  Probe  
  85  7:55  Colossus (Chrono Boost)  
  91  8:00  Probe  
  91  8:04  Probe  
  94  8:06  Zealot  
  94  8:07  Zealot  
  94  8:10  Zealot  
  99  8:13  Zealot  
  99  8:15  Probe  
  99  8:16  Probe  
  99  8:17  Probe  
  104  8:22  Zealot  
  104  8:23  Shield Battery  
  106  8:27  Probe  
  106  8:29  Probe  
  106  8:33  Probe  
  106  8:38  Zealot x2  
  106  8:39  Probe  
  111  8:41  Disruptor  
  111  8:47  Zealot x4  
  122  8:51  Stalker  
  120  9:03  Probe x2  
  120  9:05  Forge  
  120  9:08  Forge  
  114  9:17  Stalker x5  
  114  9:18  Probe  
  114  9:22  Probe  
  123  9:25  Disruptor (Chrono Boost), Assimilator  
  123  9:26  Assimilator  
  125  9:36  Nexus  
  125  9:37  Nexus  
  119  9:41  Protoss Ground Armor Level 1 (Chrono Boost)  
  119  9:43  Zealot x3  
  114  9:52  Protoss Ground Weapons Level 1 (Chrono Boost)  
  111  9:54  Disruptor (Chrono Boost)  
  111  9:55  Probe  
  111  9:58  Zealot  
  111  9:59  Zealot  
  119  10:06  Probe x2  
  120  10:09  Probe, Pylon  
  120  10:11  Stalker x2  
  125  10:17  Pylon  
  125  10:18  Probe  
  126  10:22  Templar Archives  
  126  10:28  Pylon  
  126  10:30  Pylon  
  126  10:31  Pylon  
  126  10:38  Disruptor  
  129  10:43  Pylon  
  129  10:45  Zealot x5  
  139  10:51  Probe (Chrono Boost), Gateway  
  139  10:53  Probe (Chrono Boost)  
  139  10:54  Probe (Chrono Boost)  
  142  11:03  Probe (Chrono Boost)  
  145  11:04  Gateway, Probe (Chrono Boost)  
  145  11:05  Probe (Chrono Boost)  
  145  11:06  Probe (Chrono Boost), High Templar x3  
  145  11:07  High Templar  
  145  11:10  High Templar  
  145  11:11  High Templar  
  159  11:12  Archon x2  
  159  11:13  Probe (Chrono Boost)  
  159  11:14  Stalker  
  159  11:15  Archon  
  161  11:19  Disruptor  
  162  11:27  Photon Cannon  
  155  11:34  Photon Cannon  
  148  11:43  Probe  
  148  11:44  Photon Cannon  
  149  11:49  Probe  
  149  11:55  Disruptor  
  149  11:58  Robotics Facility  
  149  12:00  Robotics Facility, Stalker x2  
  149  12:01  Stalker x3  
  163  12:02  Probe (Chrono Boost)  
  163  12:06  Photon Cannon  
  164  12:08  Probe (Chrono Boost)  
  164  12:11  Zealot x3  
  158  12:40  Nexus  
  152  12:45  Pylon x2  
  152  12:47  Pylon  
  152  13:08  Disruptor  
  152  13:11  Probe  
  156  13:12  Pylon  
  156  13:14  Pylon  
  159  13:42  Probe  
  163  13:52  Nexus  
Show
View Real Time Build Order
Export as new Build Order

binski Terran 

Build Orders:  

Get SALT Encoding   

  12  0:00  SCV  
  13  0:12  SCV  
  14  0:18  Supply Depot  
  14  0:24  SCV  
  15  0:40  Barracks  
  15  0:42  SCV  
  16  0:47  Refinery  
  16  0:54  SCV  
  16  0:56  Refinery  
  17  1:06  SCV  
  19  1:18  SCV  
  19  1:27  Reaper  
  19  1:30  Orbital Command  
  20  1:36  Supply Depot  
  20  1:41  Bunker  
  20  1:53  Factory  
  20  1:57  SCV  
  21  2:03  Reaper  
  22  2:10  SCV  
  23  2:22  SCV  
  23  2:35  Reaper  
  24  2:38  Hellion  
  24  2:40  SCV  
  27  2:52  SCV  
  27  2:57  Supply Depot  
  28  2:59  Hellion  
  28  3:05  SCV  
  31  3:19  Reaper, SCV  
  33  3:20  Supply Depot, Hellion  
  35  3:31  SCV  
  34  3:34  Starport  
  34  3:42  Hellion  
  34  3:43  SCV  
  36  3:51  Reaper  
  36  3:52  Barracks  
  36  3:53  Barracks  
  36  3:55  SCV  
  38  4:01  Command Center  
  38  4:08  SCV  
  38  4:09  Factory Tech Lab  
  39  4:10  Supply Depot  
  39  4:14  Liberator  
  42  4:18  Supply Depot  
  42  4:20  SCV  
  41  4:32  SCV  
  41  4:37  Siege Tank  
  43  4:44  SCV  
  43  4:45  Barracks Tech Lab  
  43  4:54  Barracks Reactor  
  43  4:57  SCV  
  42  5:09  SCV  
  42  5:10  Marauder  
  42  5:12  Bunker, Refinery  
  45  5:15  Orbital Command  
  45  5:21  SCV  
  46  5:23  Siege Tank  
  46  5:28  Supply Depot  
  48  5:33  SCV  
  46  5:38  Marine x2  
  46  5:39  Orbital Command  
  43  5:45  SCV  
  43  5:46  Marauder  
  46  5:53  Marine  
  46  5:56  Marine x2  
  46  5:57  Siege Tank  
  49  5:58  SCV  
  50  6:04  SCV  
  50  6:07  Marine  
  52  6:13  Supply Depot  
  52  6:14  SCV  
  52  6:15  Refinery  
  52  6:16  SCV  
  52  6:17  Stimpack, Marine  
  55  6:18  Marine  
  55  6:20  Marine  
  54  6:27  SCV  
  54  6:28  SCV  
  56  6:39  SCV  
  57  6:42  Marauder  
  57  6:43  Marine x2  
  57  6:44  SCV  
  62  6:47  Starport Reactor  
  62  6:49  Marauder, Combat Shield  
  62  6:51  SCV  
  65  6:56  SCV  
  65  6:58  Factory Reactor  
  65  7:01  Marine x2  
  67  7:03  SCV  
  67  7:07  Marauder  
  71  7:08  SCV  
  71  7:14  Supply Depot  
  71  7:15  SCV  
  75  7:17  Marauder  
  75  7:18  Marine  
  75  7:19  Marine  
  75  7:20  Supply Depot, SCV  
  78  7:23  Medivac x2  
  78  7:27  SCV  
  78  7:28  Marauder  
  85  7:35  Supply Depot  
  85  7:36  Marine x2  
  87  7:37  Widow Mine x2  
  91  7:49  Supply Depot  
  91  7:50  Command Center  
  91  7:52  SCV x2  
  91  7:53  Marine x2  
  91  7:56  Concussive Shells  
  95  8:01  Medivac x2  
  95  8:02  Widow Mine  
  101  8:09  Marine x2  
  101  8:12  Marauder x2  
  107  8:14  SCV x2  
  109  8:20  Widow Mine  
  109  8:23  Widow Mine  
  109  8:24  Engineering Bay  
  109  8:26  Refinery  
  113  8:28  Engineering Bay, SCV  
  113  8:34  Marine x2  
  114  8:35  Medivac  
  118  8:44  SCV x2  
  120  8:51  Terran Infantry Weapons Level 1  
  120  8:54  Terran Infantry Armor Level 1  
  120  8:58  SCV x2  
  120  9:02  Marauder x2, Marine x2  
  104  9:18  Widow Mine x2  
  104  9:19  Marine x2  
  104  9:23  Marauder x2  
  111  9:28  SCV x2  
  111  9:31  Orbital Command  
  113  9:35  Medivac  
  113  9:37  Marine  
  116  9:39  Widow Mine  
  116  9:45  Marauder x2, Marine  
  118  9:46  Medivac, Widow Mine  
  122  9:55  Marine  
  123  10:00  Barracks, Starport  
  123  10:01  Armory, Barracks, Widow Mine  
  123  10:06  Marauder x2  
  119  10:10  Viking  
  119  10:12  Marine  
  119  10:13  Marine  
  123  10:16  Viking  
  123  10:18  SCV x2  
  127  10:27  Marauder  
  127  10:28  Marauder  
  129  10:43  Marine x2  
  129  10:47  SCV x2  
  129  10:49  Marauder x2  
  137  10:52  Barracks Reactor, Barracks Tech Lab  
  137  10:53  Command Center, Viking x2  
  137  10:55  Supply Depot  
  137  10:56  Supply Depot  
  141  10:59  Terran Infantry Weapons Level 2  
  141  11:00  Marine  
  141  11:02  Terran Infantry Armor Level 2  
  142  11:07  Terran Ship Weapons Level 1  
  142  11:09  Viking  
  142  11:10  Marauder  
  146  11:14  Viking  
  146  11:18  Marauder  
  150  11:23  Marine x2  
  152  11:37  Marauder x2, Marine x2  
  152  11:39  Viking x3, Marauder  
  164  11:41  SCV  
  163  11:48  Marine  
  163  11:49  Marine  
  161  11:55  Supply Depot x2  
  161  11:58  Marauder  
  163  12:01  Marauder, Marine x2  
  163  12:02  Refinery, Marauder  
  169  12:09  Ghost Academy, Marine  
  169  12:10  Refinery  
  169  12:11  Marine  
  168  12:20  Marauder  
  143  12:36  Marauder x2, Marine x4  
  135  12:39  Viking x3  
  135  12:41  Marauder  
  135  12:42  Barracks  
  127  12:44  Planetary Fortress  
  123  12:54  Marine x4  
  123  12:57  Marauder  
  127  13:12  Medivac x4  
  129  13:13  Marauder x2  
  129  13:14  Marine x3  
  129  13:18  Marine  
  124  13:40  Marauder x3, Marine x3  
  128  13:41  Barracks Tech Lab, Marine  
Tags
 
Add a new tag
Caveats
  • Supply blocks, unpowered buildings, or Contaminate may cause inaccurate times.
  • Supply counts are checked every 10 seconds.